AoeStats
← infinityishan

Black Forest

510133572Analyzed
2v2 RM · 2d ago on Sep 29, 2026· 51m 22s· 4 players
Game mode
Random Map
Map size
Medium (4 player)
Population
200
Speed
Normal
Resources
Standard
Victory
Conquest
Starting age
Dark Age
Ending age
Imperial Age
RankedLock teamsTeams togetherTeam positionsShared explorationLock speedFull tech treeHidden civsTurbo modeCheats
Victory
Defeat
🇮🇳 Byzantines · India
646
+15
🇮🇳 Teutons · India
636
+9
🇪🇸 Vietnamese · Spain
530
-11
🇨🇦 Celts · Canada
427
-7
Javi
0:30 Loom
17:48 Feudal Age
19:13 Wheelbarrow
18:23 Town Watch
18:27 Horse Collar
18:38 Double-Bit Axe
23:41 Gold Mining
23:46 Stone Mining
31:34 Castle Age
30:43 Man-at-Arms
31:51 Elite Skirmisher
33:24 Hand Cart
33:09 Town Patrol
Chaosjut
0:26 Loom
15:19 Feudal Age
16:35 Wheelbarrow
15:44 Horse Collar
15:55 Double-Bit Axe
16:05 Gold Mining
16:42 Stone Mining
16:59 Man-at-Arms
18:36 Arson
26:25 Castle Age
27:43 Hand Cart
27:45 Heavy Plow
28:01 Bow Saw
28:30 Gold Shaft Mining
28:43 Stone Shaft Mining
29:32 Fortified Wall
30:55 Caravan
31:32 Coinage
32:00 Long Swordsman
32:26 Gambesons
33:04 Forging
32:55 Scale Mail Armor
39:55 Iron Casting
39:36 Chain Mail Armor
43:43 Imperial Age
44:34 Siege Engineers
44:40 Masonry
43:56 Capped Ram
44:51 Furor Celtica
45:04 Conscription
44:26 Two-Handed Swordsman
46:10 Blast Furnace
45:40 Plate Mail Armor
45:52 Plate Mail Armor
45:27 Champion
45:52 Siege Ram
47:44 Stronghold
47:28 Elite Woad Raider
49:07 Pikeman
50:25 Halberdier
hangover
0:37 Loom
14:11 Feudal Age
15:21 Horse Collar
15:32 Double-Bit Axe
24:05 Castle Age
23:34 Man-at-Arms
24:00 Arson
24:54 Heavy Plow
25:22 Bow Saw
28:20 Long Swordsman
28:46 Gambesons
29:32 Squires
38:58 Imperial Age
39:51 Ironclad
43:40 Chemistry
43:53 Heated Shot
44:24 Ballistics
44:17 Masonry
47:58 Arrowslits
48:34 Fortified Wall
50:48 Cavalier
infinityishan
2:02 Loom
11:03 Feudal Age
12:36 Double-Bit Axe
15:28 Wheelbarrow
16:38 Horse Collar
20:16 Scale Mail Armor
20:29 Forging
29:35 Castle Age
30:38 Hand Cart
30:31 Heavy Plow
34:57 Chain Mail Armor
34:49 Scale Barding Armor
38:18 Bow Saw
44:40 Chain Barding Armor
44:36 Husbandry
46:24 Man-at-Arms
46:50 Gambesons
47:06 Squires
46:53 Arson
48:00 Iron Casting
47:28 Gold Mining
47:29 Stone Mining
47:14 Long Swordsman
Connection lost

Rejoining the realm…

Still unreachable

The connection could not be restored.

Session expired

The server has moved on; the page needs a fresh start.